 Dungeon Crawl Stone Soup version 0.20.1-1-g8b1a95d (webtiles) character file.

25 letownia2 the Grave Robber (level 2, -4/22 HPs)
             Began as a Deep Dwarf Necromancer on Nov 5, 2017.
             Slain by Purgy (6 damage)
             ... in a sewer.
             The game lasted 00:03:13 (679 turns).

letownia2 the Grave Robber (Deep Dwarf Necromancer)  Turns: 679, Time: 00:03:15

Health: -4/22      AC:  7    Str: 11    XL:     2   Next: 82%
Magic:  1/5        EV: 17    Int: 15    God:
Gold:   49         SH:  0    Dex: 18    Spells: 5/6 levels left

rFire    . . .     SeeInvis .   e - +0 short sword
rCold    . . .     Gourm    .   (no shield)
rNeg     . . .     Faith    .   n - +3 leather armour
rPois    .         Spirit   .   l - +0 helmet
rElec    .         Reflect  .   (no cloak)
rCorr    .         Harm     .   (no gloves)
MR       .....                  (no boots)
Stlth    +++.......             (no amulet)
Regen    0.0/turn               (no ring)
MPRegen  0.1/turn               (no ring)

@: agile, very slightly contaminated, non-regenerating
A: damage resistance, heal wounds, sense surroundings 1, no regeneration
a: Heal Wounds


You were in a sewer.
You were not hungry.

You visited 1 branch of the dungeon, and saw 3 of its levels.
You also visited: Sewer.

You collected 49 gold pieces.

Inventory:

Hand Weapons
 e - a +0 short sword (weapon)
Armour
 a - a +0 robe
 j - a +0 leather armour
 l - a +0 helmet (worn)
 n - a +3 leather armour (worn)
Scrolls
 d - 2 scrolls of fear {unknown}
 i - 3 scrolls of identify {unknown}
 k - a scroll of amnesia {unknown}
 o - a scroll of teleportation {unknown}
Potions
 f - a potion of heal wounds
Books
 b - a book of Necromancy

   Spells                             Type                      Level
   a - Pain                           Necromancy                   1
   b - Animate Skeleton               Necromancy                   1
   c - Vampiric Draining              Necromancy                   3
   d - Regeneration                   Charms/Necromancy            3
   e - Animate Dead                   Necromancy                   4
   f - Control Undead                 Necromancy                   4
Comestibles
 c - a bread ration
 h - a meat ration


   Skills:
 - Level 2.1 Dodging
 - Level 2.4 Stealth
 + Level 2.5 Spellcasting
 + Level 4.7 Necromancy


You had 5 spell levels left.
You knew the following spells:

 Your Spells              Type           Power        Failure   Level  Hunger
a - Pain                  Necr           ###.         4%          1    #......


Dungeon Overview and Level Annotations

Branches:
Dungeon (3/15)

Altars:

Annotations:
D:2 Sigmund Sewer Purgy


Innate Abilities, Weirdness & Mutations

You are resistant to damage.
You can heal yourself by infusing magical energy.
You passively map a small area around you.
You do not regenerate.


Message History

You hit Purgy.
Purgy is heavily wounded.
Purgy closely misses you. Purgy misses you. Purgy claws you but does no damage.
You hit Purgy.
Purgy is heavily wounded.
Purgy bites you.
* * * LOW HITPOINT WARNING * * *
Purgy barely misses you. Purgy completely misses you.
You closely miss Purgy.
Purgy is heavily wounded.
Purgy barely misses you. Purgy closely misses you.
Purgy claws you but does no damage.
You hit Purgy.
Purgy is heavily wounded.
Purgy completely misses you. Purgy misses you. Purgy closely misses you. x2
Purgy barely misses you. Purgy closely misses you.
You miss Purgy.
Purgy is heavily wounded.
Purgy bites you!
You die...

####.≈≈≈.# *
####.≈≈≈.# *
#..'.≈≈≈.+,
####.≈≈≈.#* *
####.≈≈≈.####
#..'.≈≈≈.'..#
####.≈≈≈.####
####.≈≈T.####
#..'..∩@...∩#
####.≈≈≈.####
####.≈≈≈(####
#[.).≈≈≈.)..#
####.≈≈≈.####
####.≈≈≈.#
#..'.≈≈≈.'..#
####.≈≈≈.####
####.≈≈≈.####


You could see Purgy.

Vanquished Creatures
  An adder (D:3)
  A leopard gecko (D:1)
  2 giant cockroaches
  A goblin (D:3)
  A hobgoblin (D:1)
  A quokka (D:3)
  A bat (D:1)
  4 frilled lizards
  4 kobolds
16 creatures vanquished.

Notes
Turn   | Place    | Note
-------+----------+-------------------------------------------
     0 | D:1      | letownia2 the Deep Dwarf Necromancer began the quest for the Orb.
     0 | D:1      | Reached XP level 1. HP: 15/15 MP: 3/3
    84 | D:2      | Noticed Sigmund
   330 | D:3      | Reached XP level 2. HP: 17/22 MP: 3/5
   383 | D:3      | Found a glowing drain.
   464 | Sewer    | Entered a sewer
   633 | Sewer    | Noticed Purgy
   679 | Sewer    | Slain by Purgy

Skill      XL: |  1 |
---------------+----+-----
Spellcasting   | 2 |  2.5
Dodging        | |  2.1
Stealth        | |  2.4
Necromancy     | |  4.7

Action                   || total
-------------------------++-------
Melee: Short sword       ||    22
 Cast: Pain              ||    38
  Use: Potion            ||     3
Armor: Robe              ||     1
       Leather armour    ||    29
Dodge: Dodged            ||    87
